 Dungeon Crawl Stone Soup version 0.31.0-32-g396128a36d (webtiles) character file.

Game seed: 17558739557815831892

494 tizbic2 the Shield-Bearer (level 7, -6/55 HPs)
             Began as a Formicid Fighter on Mar 26, 2024.
             Was an Initiate of the Shining One.
             Mangled by a gnoll
             ... wielding a +1 spear of electrocution
              (8 damage)
             ... on level 3 of the Dungeon.
             The game lasted 00:11:59 (3412 turns).

tizbic2 the Shield-Bearer (Formicid Fighter)        Turns: 3412, Time: 00:12:00

Health: -6/55      AC:  9    Str: 20    XL:     7   Next: 38%
Magic:  17/17      EV:  7    Int:  8    God:    the Shining One [......]
Gold:   213        SH:  5    Dex: 15    Spells: 6/6 levels left

rFire   . . .        h - +1 mace (protect)
rCold   . . .        c - +0 buckler
rNeg    . . .        g - +0 chain mail
rPois   .            (helmet unavailable)
rElec   .            (no cloak)
rCorr   .            (no gloves)
SInv    +            (no boots)
Will    .....        l - amulet of the acrobat Stlth
                     n - ring of magical power
HPRegen 0.29/turn    (no ring)
MPRegen 0.15/turn

%: acrobat
@: glowing
A: permanent stasis, dig shafts and tunnels, antennae 3, four strong arms
a: Dig, Shaft Self, Renounce Religion


You were on level 3 of the Dungeon.
You worshipped the Shining One.
The Shining One was noncommittal.
You visited 1 branch of the dungeon, and saw 4 of its levels.

You collected 213 gold pieces.

Inventory:

Hand Weapons
 a - a +0 war axe
 h - a +1 mace of protection (weapon)
 w - a +0 sling
Missiles
 s - 3 javelins
Armour
 c - a +0 buckler (worn)
 g - a +0 chain mail (worn)
Jewellery
 l - an amulet of the acrobat (around neck)
 n - a ring of magical power (left hand)
Wands
 r - a wand of flame (14)
Scrolls
 b - a scroll of fear {unknown}
 f - 3 scrolls of teleportation
 m - a scroll of vulnerability {unknown}
 o - a scroll of immolation {unknown}
 q - a scroll of brand weapon {unknown}
Potions
 d - 2 potions of might
 i - a potion of heal wounds {unknown}
 j - a potion of curing {unknown}
 k - a potion of mutation
 p - a potion of invisibility


   Skills:
 + Level 4.8 Fighting
 - Level 2.0 Axes
 * Level 4.2 Ranged Weapons
 + Level 4.8 Armour
 + Level 5.7 Shields
 + Level 1.3 Invocations


You had 6 spell levels left.
You didn't know any spells.
Your spell library contained the following spells:

 Spells                   Type           Power      Damage    Failure   Level
 Ensorcelled Hibernation  Hex/Ice        0%         N/A       99%         2
 Scorch                   Fire           0%         2d5       99%         2
 Fugue of the Fallen      Necr           0%         N/A       100%        3
 Anguish                  Hex/Necr       0%         N/A       100%        4
 Flame Wave               Conj/Fire      0%         2d4       100%        4
 Summon Cactus Giant      Summ           0%         N/A       100%        6


Dungeon Overview and Level Annotations

Branches:
Dungeon (4/15)
 Temple: D:4-7

Altars:
Elyvilon
The Shining One

Annotations:
D:3 1 transporter, adizb's ghost, amateur DgFE


Innate Abilities, Weirdness & Mutations

You cannot be hasted, slowed, berserked, paralysed or teleported.
You can dig through walls and to a lower floor.
You have a pair of large antennae on your head. (SInv)
Your four strong arms can wield two-handed weapons with a shield.


Message History

You see here a +0 club.
You now have 203 gold pieces (gained 17).
You now have 213 gold pieces (gained 10).
Partly explored, unvisited transporter.
Adizb's ghost turns its malevolent gaze towards you.
You hear a shout! x2
Adizb's ghost wails.
The gnoll shouts!
The gnoll shouts!
There is a transporter here.
You enter the transporter and appear at another place.
The gnoll shouts!
The gnoll hits you but does no damage. You block the gnoll's attack.
You hit the gnoll.
Your weapon exudes an aura of protection.
The gnoll is moderately wounded.
The gnoll hits you but does no damage.
The gnoll hits you from afar with a +1 spear of electrocution.
You barely miss the gnoll.
The gnoll is moderately wounded.
The gnoll hits you from afar with a +1 spear of electrocution.
You are electrocuted!!
The gnoll zaps a wand.
You easily resist.
The gnoll closely misses you.
The gnoll hits you from afar with a +1 spear of electrocution.
You are electrocuted!
* * * LOW HITPOINT WARNING * * *
The gnoll barely misses you. You block the gnoll's attack.
The gnoll zaps a wand.
You easily resist.
The gnoll hits you but does no damage.
You hit the gnoll but do no damage. The gnoll closely misses you.
The gnoll hits you with a +1 spear of electrocution!
* * * LOW HITPOINT WARNING * * *
The gnoll closely misses you.
The gnoll hits you but does no damage. x2
You begin to dig a shaft.
You continue digging a shaft.
You block the gnoll's attack. The gnoll hits you.
* * * LOW HITPOINT WARNING * * *
The gnoll hits you with a +1 spear of electrocution.
* * * LOW HITPOINT WARNING * * *
You are electrocuted!
You die...

#####..≈≈#..###g###..#≈≈.## ##.
.......≈≈#....gg{....#≈≈..## ##.#
####.#.≈≈###.##'##.###≈≈...###.##
#.#.≈≈..#.#g #[#..≈≈..#....#
#.#.≈≈.##.# #.##.≈≈..##.#.#
#.#.≈≈.#g.# { #.g#.≈≈..####)##
#...≈≈.##.#####.##.≈≈..##♣...♣
###.....#.#8⌠8#.#..≈≈..##.....
#....©#.'.g@g.#©.~~..##♣...♣
#.....#.#...#.#..≈≈..##.....
#.≈≈.##.##g##g##.≈≈..####_##
#.≈≈.#g.#...#gg#.≈≈..# ###
#.≈≈.##{#⌠.⌠#.##.≈≈..# #####
#.≈≈..#{#...#.#..≈≈..# #.##.
#.≈≈###.##'##.###≈≈..# #.##.
#.≈≈#W..........#≈≈.## #.##.
#.≈≈#..###.###..#≈≈.# #.##.


You could see 3 gnolls.

Vanquished Creatures
  Sigmund (D:3)
  2 orc priests (D:3)
  Jessica (D:3)
  Natasha (thrice) (D:3)
  6 adders
  A dart slug (D:4)
  3 ribbon worms (D:2)
  21 orcs (D:3)
  7 bats
  2 endoplasms (D:1)
  A giant cockroach (D:2)
  5 hobgoblins
  6 jackals
  5 quokkas
  A ball python (D:1)
  3 frilled lizards
  8 goblins
  4 kobolds
  7 rats
87 creatures vanquished.

Notes
Turn   | Place    | Note
-------+----------+-------------------------------------------
     0 | D:1      | tizbic2 the Formicid Fighter began the quest for the Orb.
     0 | D:1      | Reached XP level 1. HP: 18/18 MP: 1/1
   290 | D:1      | Reached XP level 2. HP: 16/24 MP: 2/2
   493 | D:1      | Reached skill level 1 in Ranged Weapons
  1067 | D:2      | Reached XP level 3. HP: 29/29 MP: 3/3
  1452 | D:2      | Reached XP level 4. HP: 25/37 MP: 4/4
  1887 | D:3      | Noticed Jessica
  1919 | D:3      | Killed Jessica
  1920 | D:3      | Reached XP level 5. HP: 35/42 MP: 5/5
  1999 | D:3      | Noticed Natasha
  2029 | D:3      | Killed Natasha
  2032 | D:3      | Reached skill level 5 in Shields
  2186 | D:3      | Noticed Natasha
  2193 | D:3      | Killed Natasha
  2204 | D:3      | Noticed Natasha
  2210 | D:3      | Reached XP level 6. HP: 48/48 MP: 6/6
  2233 | D:3      | You fall into a shaft and drop 1 floor!
  2665 | D:3      | Killed Natasha
  2756 | D:3      | Found a white marble altar of Elyvilon.
  2761 | D:3      | Became a worshipper of Elyvilon the Healer
  2931 | D:3      | Noticed adizb's ghost (amateur DgFE)
  2942 | D:3      | Found a glowing golden altar of the Shining One.
  2967 | D:3      | Fell from the grace of Elyvilon
  2967 | D:3      | Became a worshipper of the Shining One
  3106 | D:3      | Noticed Sigmund
  3117 | D:3      | Killed Sigmund
  3118 | D:3      | Reached skill level 1 in Invocations
  3118 | D:3      | Reached XP level 7. HP: 55/55 MP: 7/7
  3139 | D:3      | Found a transporter.
  3154 | D:3      | Found a transporter.
  3412 | D:3      | HP: 2/55 [gnoll/+1 spear of electrocution (1)]
  3412 | D:3      | Mangled by a gnoll

Illustrated notes

Levels and vault maps discovered:
D:1:      dpeg_arrival_rooms_with_view, layout_basic
D:2:      layout_basic, skrybe_limestone_x, minmay_close_crescents
D:3:      layout_loops_ring, nicolae_elyvilon_peaceful_grove, tso_altar,
          gammafunk_ghost_gnarly_gnolls, guppyfry_early_orc_mine, uniq_jessica,
          uniq_natasha, uniq_sigmund
D:4:      layout_gridville

Skill      XL: |  1  2  3  4  5  6 |
---------------+-------------------+-----
Ranged Weapons | 1 2 3 4 |  4.2
Fighting       | 4 |  4.8
Armour         | 4 |  4.8
Shields        | 5 |  5.7
Invocations    | 1 |  1.3
Axes           | |  2.0

Action                     |  1- 3 |  4- 6 |  7- 9 || total
---------------------------+-------+-------+-------++-------
  Melee: War axe           |    35 |    10 |       ||    45
         Mace              |    27 |   176 |     4 ||   207
   Fire: Sling             |    30 |    62 |       ||    92
Ability: Shaft Self        |       |     1 |     1 ||     2
    Use: Scroll            |     1 |     3 |       ||     4
 Armour: Scale mail        |     7 |       |       ||     7
         Chain mail        |    64 |   168 |    11 ||   243
  Dodge: Dodged            |    43 |    85 |     5 ||   133
  Block: Buckler           |    20 |    70 |     3 ||    93
